 Dungeon Crawl Stone Soup version 0.30.1-11-g7821555f0a (webtiles) character file.

Game seed: 8598643829592429410

2223 RancidPinata the Trooper (level 9, -10/55 HPs)
             Began as a Gargoyle Gladiator on Dec 20, 2023.
             Was a Believer of Okawaru.
             Mangled by a komodo dragon (14 damage)
             ... on level 6 of the Dungeon.
             The game lasted 00:32:04 (7235 turns).

RancidPinata the Trooper (Gargoyle Gladiator)       Turns: 7235, Time: 00:32:04

Health: -10/55     AC: 17    Str: 21    XL:     9   Next: 35%
Magic:  9/9        EV: 12    Int: 10    God:    Okawaru [**....]
Gold:   317        SH:  0    Dex: 11    Spells: 8/8 levels left

rFire   . . .        g - +4 sling (elec)
rCold   . . .        (no shield)
rNeg    + . .        p - +0 ring mail
rPois   ∞            c - +0 helmet
rElec   +            (no cloak)
rCorr   .            (no gloves)
SInv    .            n - +2 pair of boots
Will    .....        (no amulet)
Stlth   ++           (no ring)
HPRegen 0.29/turn    (no ring)
MPRegen 0.11/turn

%: no passive effects
@: no status effects
A: sickness immunity, AC +6, negative energy resistance 1, electricity
resistance, torment resistance 1, petrification resistance
a: Renounce Religion, Heroism


You were on level 6 of the Dungeon.
You worshipped Okawaru.
Okawaru was pleased with you.
You visited 2 branches of the dungeon, and saw 8 of its levels.
You also visited: Sewer.

You collected 401 gold pieces.
You spent 84 gold pieces at shops.

Inventory:

Hand Weapons
 a - a +0 flail
 g - a +4 sling of electrocution (weapon)
 t - a +0 vampiric whip
 y - a +2 antimagic trident
Missiles
 d - 3 throwing nets
 e - 5 javelins
 f - 81 stones
 j - 13 poisoned darts
 r - 8 boomerangs
 G - 6 atropa-tipped darts
 I - a curare-tipped dart
Armour
 c - a +0 helmet (worn)
 n - a +2 pair of boots (worn)
 p - a +0 ring mail (worn)
Jewellery
 h - a ring of magical power
Wands
 w - a wand of flame (19)
 x - a wand of light (6)
 F - a wand of iceblast (9)
Scrolls
 i - 4 scrolls of noise {unknown}
 k - a scroll of poison {unknown}
 l - 5 scrolls of teleportation
 m - 8 scrolls of identify
 s - a scroll of immolation {unknown}
 u - a scroll of enchant weapon {unknown}
 v - a scroll of enchant armour {unknown}
 C - a scroll of vulnerability {unknown}
 H - 2 scrolls of fog {unknown}
Potions
 b - 2 potions of heal wounds {unknown}
 o - 2 potions of cancellation {unknown}
 z - 3 potions of haste {unknown}
 A - a potion of berserk rage
 B - 2 potions of degeneration {unknown}
 D - a potion of brilliance {unknown}
 E - a potion of attraction {unknown}


   Skills:
 * Level 5.9 Fighting
 * Level 5.9 Maces & Flails
 * Level 5.0 Ranged Weapons
 + Level 3.7 Throwing
 * Level 5.5 Armour
 + Level 3.8 Dodging
 + Level 4.1 Stealth


You had 8 spell levels left.
You didn't know any spells.
Your spell library contained the following spells:

 Spells                   Type           Power      Damage    Failure   Level
 Necrotise                Necr           0%         1d4       52%         1
 Shock                    Conj/Air       0%         1d3       52%         1
 Slow                     Hex            0%         N/A       52%         1
 Ensorcelled Hibernation  Hex/Ice        0%         N/A       65%         2
 Passwall                 Tmut/Erth      0%         N/A       65%         2
 Poisonous Vapours        Pois/Air       0%         N/A       65%         2
 Confusing Touch          Hex            0%         N/A       87%         3
 Mephitic Cloud           Conj/Pois/Air  0%         N/A       87%         3
 Swiftness                Air            0%         N/A       87%         3
 Vampiric Draining        Necr           0%         2d6       87%         3
 Agony                    Necr           0%         N/A       100%        5
 Freezing Cloud           Conj/Ice/Air   0%         6-21      100%        5
 Orb of Destruction       Conj           0%         9d5       100%        7
 Summon Guardian Golem    Hex/Summ       Unusable   N/A       N/A         3
 Spellforged Servitor     Conj/Summ      Unusable   N/A       N/A         7

Dungeon Overview and Level Annotations

Branches:
Dungeon (7/15)             Temple (1/1) D:5           Sewer (visited)

Altars:
Ashenzari
Dithmenos
Elyvilon
Fedhas
Gozag
Hepliaklqana
Kikubaaqudgha
Makhleb
Nemelex Xobeh
Okawaru
Qazlal
Sif Muna
Vehumet
Wu Jian
Yredelemnul
Zin
The Shining One

Shops:
D:5 *?(


Innate Abilities, Weirdness & Mutations

You are immune to sickness and miasma.
Your stone body is resilient. (AC +6)
You are immune to poison.
You resist negative energy. (rN+)
You are resistant to electric shocks. (rElec)
You are resistant to unholy torment.
You are immune to petrification.


Message History

The sling bullet hits the komodo dragon but does no damage.
The komodo dragon is heavily wounded.
The komodo dragon barely misses you. The orc closely misses you.
You shoot a sling bullet.
The sling bullet hits the komodo dragon.
The komodo dragon is heavily wounded.
The komodo dragon barely misses you. The orc hits you with a +0 hand axe.
You shoot a sling bullet.
The sling bullet completely misses the komodo dragon.
The komodo dragon bites you. The orc hits you but does no damage.
The komodo dragon barely misses you. The orc completely misses you.
You shoot a sling bullet.
The sling bullet completely misses the komodo dragon.
The komodo dragon closely misses you. The orc hits you but does no damage.
You feel better. The komodo dragon bites you!
* * * LOW HITPOINT WARNING * * *
The orc misses you.
Unknown command.
You shoot a sling bullet.
The sling bullet hits the komodo dragon!
Lightning courses through the komodo dragon!
The komodo dragon is almost dead.
The komodo dragon bites you!
* * * LOW HITPOINT WARNING * * *
The orc misses you.
You feel better. The komodo dragon bites you!
* * * LOW HITPOINT WARNING * * *
The orc hits you but does no damage.
You shoot a sling bullet.
The sling bullet hits the komodo dragon.
The komodo dragon is almost dead.
The komodo dragon completely misses you.
The orc hits you with a +0 hand axe.
* * * LOW HITPOINT WARNING * * *
Unknown command.
You shoot a sling bullet.
The sling bullet hits the komodo dragon but does no damage.
The komodo dragon is almost dead.
The komodo dragon bites you!
You die...

#.......# ##)## #.# #
#.####### #)# #.# # #.# #)#
#.# # #.# ##.##########.# #
###.### ##.............# #
......########.....##########
# .##.#.#>..........##
.##.#.#.##...#.#<..#
.##.............@..#
.####.#.##...#.#lo.#
.####.#.######.#.###
......#........#.#
################)# #.......#
#.# #.......####)#######
#.#####.##.).......####
#.#####.##.#.#<.......#


You could see a komodo dragon and an orc.

Vanquished Creatures
  Menkaure (D:5)
  3 ice beasts
  A sky beast (D:6)
  Pargi (Sewer)
  2 ogres
  2 centaurs
  A kobold brigand (D:6)
  A gnoll sergeant (D:6)
  A bullfrog (D:5)
  2 scorpions (D:5)
  3 wights (D:6)
  A jelly (D:6)
  4 hounds
  An orc priest (D:3)
  2 sleepcaps
  Ijyb (D:3)
  4 iguanas
  4 orc wizards
  10 adders
  15 gnolls
  A river rat (D:5)
  2 white imps
  An ufetubus (D:6)
  3 worms
  2 dart slugs
  17 orcs
  11 bats
  9 endoplasms
  4 giant cockroaches
  8 goblins
  3 hobgoblins
  5 jackals (D:1)
  2 quokkas
  8 ball pythons
  A frilled lizard (D:2)
  10 kobolds
  7 rats
154 creatures vanquished.

Notes
Turn   | Place    | Note
-------+----------+-------------------------------------------
     0 | D:1      | RancidPinata the Gargoyle Gladiator began the quest for the
                  | Orb.
     0 | D:1      | Reached XP level 1. HP: 12/12 MP: 1/1
   101 | D:1      | Reached XP level 2. HP: 18/18 MP: 2/2
   809 | D:2      | Reached skill level 1 in Armour
   809 | D:2      | Reached XP level 3. HP: 22/22 MP: 3/3
   860 | D:2      | Reached skill level 1 in Stealth
  1079 | D:2      | Reached skill level 1 in Ranged Weapons
  1093 | D:2      | Reached XP level 4. HP: 27/27 MP: 4/4
  1367 | D:2      | Noticed an ogre
  1371 | D:2      | Killed an ogre
  1372 | D:2      | Reached XP level 5. HP: 32/32 MP: 5/5
  1859 | D:2      | Found a faded altar of an unknown god.
  1868 | D:2      | Got Plato's Folio of Assaults
  2170 | D:3      | Reached XP level 6. HP: 36/37 MP: 6/6
  2185 | D:3      | Noticed Ijyb
  2254 | D:3      | Killed Ijyb
  3357 | D:4      | Identified the +1 ring mail of Rijyi {*Slow rC- rCorr
                  | Dex+7}
  3708 | D:5      | Entered Level 5 of the Dungeon
  3721 | D:5      | Reached XP level 7. HP: 34/42 MP: 7/7
  3721 | D:5      | Found a staircase to the Ecumenical Temple.
  3730 | Temple   | Entered the Ecumenical Temple
  3778 | Temple   | Became a worshipper of Warmaster Okawaru
  3803 | D:5      | Found a shimmering blue altar of Sif Muna.
  3843 | D:5      | Noticed Menkaure
  3890 | D:5      | Found a glowing drain.
  3902 | Sewer    | Entered a sewer
  3962 | Sewer    | Noticed Pargi
  3981 | Sewer    | Killed Pargi
  4136 | D:5      | HP: 2/43 [ice beast (5)]
  4457 | D:5      | Killed Menkaure
  4457 | D:5      | Reached * piety under Okawaru
  4458 | D:5      | Reached XP level 8. HP: 39/48 MP: 2/8
  4679 | D:5      | Found Gaheog's Magic Scroll Boutique.
  4686 | D:5      | Bought a scroll of identify for 24 gold pieces
  4686 | D:5      | Bought a scroll of identify for 24 gold pieces
  4686 | D:5      | Bought a scroll of teleportation for 36 gold pieces
  4943 | D:5      | Reached skill level 5 in Maces & Flails
  5056 | D:5      | Found Vulunex's General Store.
  5081 | D:5      | Reached skill level 5 in Fighting
  5122 | D:5      | Reached ** piety under Okawaru
  5465 | D:5      | Found Gitosk's Antique Weapon Shoppe.
  6264 | D:6      | Reached skill level 5 in Armour
  6264 | D:6      | Reached XP level 9. HP: 47/54 MP: 9/9
  6319 | D:6      | Found an ancient bone altar of Kikubaaqudgha.
  6980 | D:7      | Noticed a komodo dragon
  7012 | D:5      | Reached skill level 5 in Ranged Weapons
  7235 | D:6      | Mangled by a komodo dragon

Illustrated notes

Levels and vault maps discovered:
D:1:      dpeg_arrival_ternary, layout_basic
D:2:      layout_basic, shapermc_ecumenical_altar_rom_forum
D:3:      layout_basic, uniq_ijyb
D:4:      layout_loops_ring, minmay_misc_feat_diagonals, serial_bayou_lagoon_b
D:5:      corexii_shack_village, layout_basic, nicolae_sif_muna_condensation,
          minmay_temple_entry_statues, serial_co_window_serial,
          co_window_of_opportunity_a, co_window_paths_b, co_window_corner_a,
          co_window_corner_a, co_window_corner_a, co_window_of_opportunity_a,
          co_window_of_opportunity_a, co_window_corner_a, co_window_paths_b,
          co_window_broadway_b, co_window_unsneaky_path_e,
          co_window_of_opportunity_c, co_window_unsneaky_path_b,
          co_window_4corner_a, glass_columns_b, glass_columns_b,
          glass_columns_b, portal_sewer_entry_e, serial_shops,
          nicolae_shop_tiny_statue_garden, shop,
          nicolae_shop_temple_entry_statues_fountains, uniq_menkaure
D:6:      layout_loops_corners, lemuel_crystal_altar
D:7:      layout_rooms, nicolae_take_the_stairs
Temple:   hellmonk_temple_of_storms

Skill      XL: |  1  2  3  4  5  6  7  8  9 |
---------------+----------------------------+-----
Throwing       | 2 3 |  3.7
Armour         | 1 2 3 5 |  5.5
Stealth        | 1 2 3 4 |  4.1
Ranged Weapons | 1 2 3 4 5 |  5.0
Fighting       | 3 4 5 |  5.9
Maces & Flails | 4 5 |  5.9
Dodging        | 3 |  3.8

Action                     |  1- 3 |  4- 6 |  7- 9 || total
---------------------------+-------+-------+-------++-------
  Melee: Flail             |    43 |       |       ||    43
         Whip              |       |    78 |    78 ||   156
         Trident           |       |       |     5 ||     5
         Punch             |       |       |     1 ||     1
         Sling             |       |       |     1 ||     1
   Fire: Sling             |    38 |   149 |   279 ||   466
  Throw: Throwing net      |       |       |     2 ||     2
 Invoke: Heroism           |       |       |     2 ||     2
    Use: Scroll            |       |       |     2 ||     2
         Potion            |       |       |     3 ||     3
   Stab: Held in net/web   |       |       |     2 ||     2
 Armour: Leather armour    |    22 |       |       ||    22
         Ring mail         |       |    85 |   253 ||   338
  Dodge: Dodged            |    58 |    65 |   283 ||   406
